 Dungeon Crawl Stone Soup version 0.30.1-3-gfc49f6343a (webtiles) character file.

Game seed: 5232858326979634453

82 TheDoctor the Stinger (level 4, -4/21 HPs)
             Began as a Spriggan Venom Mage on July 20, 2023.
             Slain by a gnoll
             ... wielding a +0 flail
              (6 damage)
             ... on level 3 of the Dungeon.
             The game lasted 00:04:37 (2552 turns).

TheDoctor the Stinger (Spriggan Venom Mage)         Turns: 2552, Time: 00:04:38

Health: -4/21      AC:  3    Str:  4    XL:     4   Next: 21%
Magic:  5/10       EV:  9    Int: 18    God:
Gold:   112        SH:  0    Dex: 15    Spells: 3/9 levels left

rFire   . . .        o - +0 rapier
rCold   . . .        (no shield)
rNeg    . . .        a - +1 robe
rPois   .            (helmet restricted)
rElec   .            (no cloak)
rCorr   .            (gloves unavailable)
SInv    +            (boots unavailable)
Will    .....        (no amulet)
Stlth   ++           (no ring)
HPRegen 0.23/turn    (no ring)
MPRegen 0.12/turn

%: no passive effects
@: attractive, held, very quick
A: very small, no large weapons, unfitting armour, see invisible, speed 3
a: no special abilities


You were on level 3 of the Dungeon.
You visited 1 branch of the dungeon, and saw 3 of its levels.

You collected 112 gold pieces.

Inventory:

Hand Weapons
 o - a +0 rapier (weapon)
Missiles
 d - 6 poisoned darts
 h - 8 boomerangs (quivered)
Armour
 a - a +1 robe (worn)
Magical Staves
 c - a staff of cold
Jewellery
 l - an amulet of the acrobat
Scrolls
 e - 2 scrolls of fear {unknown}
 f - 2 scrolls of poison {unknown}
 g - a scroll of amnesia {unknown}
 j - a scroll of identify {unknown}
 k - 2 scrolls of blinking {unknown}
 m - a scroll of vulnerability {unknown}
 n - 2 scrolls of enchant armour
Potions
 b - 2 potions of magic


   Skills:
 - Level 2.6 Dodging
 - Level 3.0 Stealth
 + Level 3.4 Spellcasting
 - Level 1.3 Transmutations
 + Level 4.8 Poison Magic


You had 3 spell levels left.
You knew the following spells:

 Your Spells              Type           Power      Damage    Failure   Level
a - Sting                 Tmut/Pois      56%        1d5       4%          1
b - Poisonous Vapours     Pois/Air       22%        N/A       9%          2
c - Mephitic Cloud        Conj/Pois/Air  8%         N/A       24%         3

Your spell library contained the following spells:

 Spells                   Type           Power      Damage    Failure   Level
 Magic Dart               Conj           12%        1d3       16%         1
 Call Imp                 Summ           6%         N/A       24%         2
 Olgreb's Toxic Radiance  Pois           20%        N/A       22%         4


Dungeon Overview and Level Annotations

Branches:
Dungeon (3/15)

Altars:


Innate Abilities, Weirdness & Mutations

You are very small and have problems with some larger weapons.
You are too small for most types of armour.
You have supernaturally acute eyesight. (SInv)
You cover ground extremely quickly. (Speed+++)


Message History

Aim: a gnoll, wielding a +0 halberd and quivering a throwing net (poisoned) Poisonous vapours surround the gnoll!
The gnoll looks even sicker.
The gnoll shouts!
Casting: Poisonous Vapours (safe; 9% risk of failure)
Confirm with . or Enter, or press ? or * to list all spells.
Aiming: Sting (safe; 4% risk of failure)
Press: ? - help, Shift-Dir - straight line, f/p - gnoll
Aim: a gnoll, wielding a +0 halberd and quivering a throwing net (very poisoned, 75% to hit)
The sting misses the gnoll.
The orc shouts!
Casting: Sting (safe; 4% risk of failure)
Confirm with . or Enter, or press ? or * to list all spells.
Aiming: Sting (safe; 4% risk of failure)
Press: ? - help, Shift-Dir - straight line, f/p - gnoll
Aim: a gnoll, wielding a +0 halberd and quivering a throwing net (very poisoned, 75% to hit)
The sting hits the gnoll.
The gnoll looks even sicker.
The gnoll is lightly wounded.
The gnoll throws a throwing net.
The throwing net hits you.
You become entangled in the net!
You struggle against the net.
The gnoll hits you from afar with a +0 halberd!
Unknown command.
You struggle against the net.
The gnoll hits you from afar with a +0 halberd.
You struggle against the net.
The gnoll hits you from afar with a +0 halberd.
* * * LOW HITPOINT WARNING * * *
Casting: Sting (safe; 4% risk of failure)
Confirm with . or Enter, or press ? or * to list all spells.
Okay, then.
Unknown command.
Unknown command.
It was a potion of attraction.
You feel attractive to monsters. The gnoll closely misses you.
The orc closely misses you. The gnoll is attracted toward you.
As you read the scroll labelled XELURI UXZOALL, it crumbles to dust.
It is a scroll of enchant armour.
Your +0 robe glows green for a moment.
The gnoll hits you with a +0 flail.
You die...

##..............##
#................#
#................#
#................# #
#...)<...........# #.
#................# ####..
...................######....#
............(g................
..###.....#..@g§..†...........
# ########.o.........##g...#
#...........g.r.<##
##...............#
#...)........#....
#.............###.<..
.g.g.##..........# #.... gg.#
#.........## #.... .o
..$.(......# #....


You could see 2 gnolls and an orc.

Vanquished Creatures
  Robin (D:2)
  An adder (D:2)
  A worm (D:2)
  4 orcs
  7 ball pythons
  A bat (D:1)
  3 endoplasms
  A giant cockroach (D:1)
  13 goblins
  6 hobgoblins
  4 jackals (D:2)
  A quokka (D:1)
  5 frilled lizards
  2 kobolds (D:1)
  2 rats
52 creatures vanquished.

Notes
Turn   | Place    | Note
-------+----------+-------------------------------------------
     0 | D:1      | TheDoctor the Spriggan Venom Mage began the quest for the
                  | Orb.
     0 | D:1      | Reached XP level 1. HP: 9/9 MP: 5/5
   290 | D:1      | Reached XP level 2. HP: 12/13 MP: 0/6
   388 | D:1      | Learned a level 2 spell: Poisonous Vapours
   776 | D:1      | Reached skill level 4 in Poison Magic
  1140 | D:2      | Noticed Robin
  1163 | D:1      | Reached XP level 3. HP: 16/16 MP: 0/8
  1515 | D:2      | Learned a level 3 spell: Mephitic Cloud
  1614 | D:2      | Killed Robin
  2119 | D:2      | Reached XP level 4. HP: 18/21 MP: 2/9
  2552 | D:3      | Slain by a gnoll

Illustrated notes

Levels and vault maps discovered:
D:1:      roderic_chinese_lattice_arrival, layout_loops_ring,
          minmay_misc_feat_rugged, minmay_pentomino_r2
D:2:      layout_rooms, grunt_ministairs_4, minmay_misc_feat_square, uniq_robin
D:3:      layout_rooms, gammafunk_ghost_split, uniq_terence, uniq_grinder

Skill      XL: |  1  2  3 |
---------------+----------+-----
Poison Magic   | 4 |  4.8
Spellcasting   | 3 |  3.4
Dodging        | |  2.6
Stealth        | |  3.0
Transmutations | |  1.3

Action                     |  1- 3 |  4- 6 || total
---------------------------+-------+-------++-------
  Melee: Dagger            |     4 |       ||     4
         Rapier            |       |     2 ||     2
   Cast: Sting             |    82 |    21 ||   103
         Poisonous Vapours |     2 |     2 ||     4
    Use: Scroll            |       |     1 ||     1
         Potion            |       |     1 ||     1
 Armour: Robe              |     1 |       ||     1
  Dodge: Dodged            |    24 |    10 ||    34
